 Dungeon Crawl Stone Soup version 0.26.1-11-gd32895ea62 (webtiles) character file.

Game seed: 2413111346809412481

119 Exodus22XD the Chopper (level 5, -1/47 HPs)
             Began as a Hill Orc Monk on Apr 27, 2021.
             Slain by a white imp (4 damage)
             ... summoned by Natasha
             ... on level 2 of the Dungeon.
             The game lasted 00:02:16 (1623 turns).

Exodus22XD the Chopper (Hill Orc Monk)              Turns: 1623, Time: 00:02:17

Health: -1/47      AC:  5    Str: 15    XL:     5   Next: 3%
Magic:  5/5        EV: 11    Int: 10    God:
Gold:   78         SH:  3    Dex: 13    Spells: 4/4 levels left

rFire    . . .     SeeInvis .   a - +0 hand axe
rCold    . . .     Faith    .   d - +0 buckler
rNeg     . . .     Spirit   .   e - +0 ring mail
rPois    .         Reflect  .   (no helmet)
rElec    .         Harm     .   (no cloak)
rCorr    .         Rampage  .   (no gloves)
Will     .....                  (no boots)
Stlth    +.........             (no amulet)
HPRegen  0.15/turn              (no ring)
MPRegen  0.09/turn              (no ring)

@: lethally poisoned (-1 -> -4)
A: no striking features
a: no special abilities


You were on level 2 of the Dungeon.
You visited 1 branch of the dungeon, and saw 2 of its levels.

You collected 78 gold pieces.

Inventory:

Hand Weapons
 a - a +0 hand axe (weapon)
Armour
 b - a +0 robe
 d - a +0 buckler (worn)
 e - a +0 ring mail (worn)
Jewellery
 c - an uncursed ring of poison resistance
Scrolls
 h - a scroll of random uselessness {unknown}
 i - a scroll of identify {unknown}
 k - a scroll of teleportation {unknown}
 l - a scroll of enchant weapon {unknown}
Potions
 f - a potion of attraction {unknown}
 g - a potion of curing {unknown}
 j - a potion of mutation {unknown}


   Skills:
 + Level 4.4 Fighting
 + Level 5.6 Axes
 * Level 2.4 Armour
 - Level 2.4 Dodging
 - Level 1.5 Stealth
 * Level 0.7 Shields


You had 4 spell levels left.
You didn't know any spells.
Your spell library was empty.

Dungeon Overview and Level Annotations

Branches:
Dungeon (2/15)

Altars:

Annotations:
D:2 Natasha


Message History

You hit the white imp. You closely miss the shadow imp.
You feel sick.
Natasha howls an incantation.
Natasha's front paws start to glow.
Natasha barely misses you. The white imp hits you. The white imp freezes you.
The shadow imp hits you but does no damage.
You closely miss Natasha.
Natasha is heavily wounded.
You hit the shadow imp. You hit the white imp. Natasha closely misses you.
The shadow imp hits you. The white imp hits you.
* * * LOW HITPOINT WARNING * * *
The white imp freezes you.
* * * LOW HITPOINT WARNING * * *
You hit Natasha.
Natasha is severely wounded.
You hit the white imp. You barely miss the shadow imp. Natasha claws you.
* * * LOW HITPOINT WARNING * * *
The white imp hits you.
* * * LOW HITPOINT WARNING * * *
The white imp freezes you.
You die...

#....# .. .... #...## ..##...
##..## ...#...## #...#
........# ##..########.
........# #............ #.....#
#..#.........
#...†.####..#.........
#...5@.#....#.........
#..<.h5..##.#......... #.
##...5..###.#.###...## ..
#........#...##..#.# .###.
#...........##..##.##
....###.##.##.............. .#
#..(.......#..#....####.## ...
###....................##..#
#.##..(.........#.............#


You could see Natasha, a crimson imp (summoned), a white imp (summoned) and a
shadow imp (summoned).

Vanquished Creatures
  Natasha (D:2)
  5 adders
  An ooze (D:1)
  A dart slug (D:1)
  A leopard gecko (D:1)
  A ball python (D:2)
  A giant cockroach (D:1)
  6 goblins
  4 hobgoblins
  2 quokkas (D:2)
  3 bats
  11 frilled lizards
  6 kobolds
  4 rats
47 creatures vanquished.

Notes
Turn   | Place    | Note
-------+----------+-------------------------------------------
     0 | D:1      | Exodus22XD the Hill Orc Monk began the quest for the Orb.
     0 | D:1      | Reached XP level 1. HP: 19/19 MP: 1/1
   193 | D:1      | Reached XP level 2. HP: 25/27 MP: 2/2
   487 | D:1      | Reached skill level 1 in Armour
   559 | D:1      | Reached XP level 3. HP: 33/33 MP: 3/3
   879 | D:2      | Reached skill level 5 in Axes
   890 | D:1      | Reached XP level 4. HP: 8/41 MP: 4/4
   901 | D:1      | HP: 2/41 [poisoned by an adder]
   906 | D:1      | HP: 1/41 [poisoned by an adder]
  1269 | D:2      | Noticed Natasha
  1280 | D:2      | Killed Natasha
  1327 | D:2      | Noticed Natasha
  1617 | D:2      | Reached XP level 5. HP: 36/47 MP: 5/5
  1623 | D:2      | Slain by a white imp

Illustrated notes

Levels and vault maps discovered:
D:1:      minmay_arrival_solitary_statue, layout_basic, minmay_lizard_pond
D:2:      layout_rooms, uniq_natasha

Skill      XL: |  1  2  3  4 |
---------------+-------------+-----
Fighting       | 4 |  4.4
Armour         | 1 2 |  2.4
Axes           | 5 |  5.6
Dodging        | |  2.4
Stealth        | |  1.5
Shields        | |  0.7

Action                   |  1- 3 |  4- 6 || total
-------------------------+-------+-------++-------
Melee: Hand axe          |    91 |    44 ||   135
  Use: Potion            |     1 |       ||     1
 Stab: Sleeping          |     2 |       ||     2
Armor: Robe              |     5 |       ||     5
       Ring mail         |    25 |    20 ||    45
Dodge: Dodged            |    53 |    25 ||    78
Block: Buckler           |       |     7 ||     7
